 Dungeon Crawl Stone Soup version 0.19-a0-1821-g42c593c (webtiles) character file.

6261 Ijustatesigmund the Thaumaturge (level 10, -3/49 HPs)
             Began as a Spriggan Wizard on Oct 6, 2016.
             Was an Elder of Ru.
             Slain by an orc warrior
             ... wielding a +0 long sword
              (21 damage)
             ... on level 10 of the Dungeon.
             The game lasted 00:54:24 (13040 turns).

Ijustatesigmund the Thaumaturge (Spriggan Wizard)  Turns: 13040, Time: 00:54:25

Health: -3/49      AC:  3    Str:  3    XL:     10   Next: 62%
Magic:  10/25      EV: 22    Int: 23    God:    Ru [****..]
Gold:   516        SH:  0    Dex: 15    Spells: 7 memorised, 11 levels left

rFire  + . .     SeeInvis +     f - +2 dagger (venom)
rCold  . . .     Gourm    .     a - +0 robe
rNeg   . . .     Faith    .     (shield unavailable)
rPois  .         Spirit   .     b - +1 hat
rElec  .         Dismiss  .     (no cloak)
rCorr  .         Reflect  .     (gloves unavailable)
MR     +....     Harm     .     (boots unavailable)
Stlth  +++.......               (no amulet)
                                g - ring of protection from fire
                                (ring unavailable)

@: drained, very quick
A: unfitting armour, see invisible, herbivore 3, speed 3, slow metabolism 2,
missing a hand, hated by all
a: Draw Out Power, Power Leap, Renounce Religion


You were on level 10 of the Dungeon.
You worshipped Ru.
Ru was greatly pleased with you.
You were not hungry.

You visited 2 branches of the dungeon, and saw 11 of its levels.

You collected 516 gold pieces.

Inventory:

Hand Weapons
 f - a +2 dagger of venom (weapon)
 m - a +0 hunting sling
 t - a +2 short sword
Missiles
 h - 4 tomahawks (quivered)
 w - 51 sling bullets
 x - 2 throwing nets
Armour
 a - a +0 robe (worn)
 b - a +1 hat (worn)
Rods
 s - a +0 rod of inaccuracy (14/14)
   (You found it on level 5 of the Dungeon)
Jewellery
 g - a ring of protection from fire (right hand)
 j - an uncursed ring of resist corrosion
Wands
 k - a wand of confusion (25/48)
 n - a wand of acid (14/15)
 p - a wand of disintegration (13/24)
 q - a wand of paralysis (9/24)
 u - a wand of flame (20/48)
 y - a wand of iceblast (2/15)
 D - a wand of digging (11/24)
 H - a wand of random effects (11/48)
Scrolls
 e - 2 scrolls of teleportation
 l - 3 scrolls of immolation
 o - 4 scrolls of remove curse
 r - a scroll of fog
 B - 4 scrolls of amnesia
Potions
 v - a potion of resistance
 C - a potion of lignification
 G - a potion of ambrosia
 L - a potion of beneficial mutation {unknown}
Books
 c - a book of Minor Magic

   Spells                             Type                      Level
   a - Magic Dart                     Conjuration                  1
   b - Blink                          Translocation                2
   c - Call Imp                       Summoning                    2
   d - Repel Missiles                 Charms/Air                   2
   e - Slow                           Hexes                        2
   f - Conjure Flame                  Conjuration/Fire             3
   g - Mephitic Cloud                 Conjuration/Poison/Air       3
 i - a book of Changes

   Spells                             Type                      Level
   a - Beastly Appendage              Transmutation                1
   b - Sticks to Snakes               Transmutation                2
   c - Spider Form                    Transmutation/Poison         3
   d - Ice Form                       Ice/Transmutation            4
   e - Blade Hands                    Transmutation                5
 F - a book of Maledictions

   Spells                             Type                      Level
   a - Corona                         Hexes                        1
   b - Ensorcelled Hibernation        Hexes/Ice                    2
   c - Confuse                        Hexes                        3
   d - Tukima's Dance                 Hexes                        3
   e - Dazzling Spray                 Conjuration/Hexes            3
 K - a book of Power

   Spells                             Type                      Level
   a - Fulminant Prism                Conjuration/Hexes            4
   b - Iskenderun's Mystic Blast      Conjuration                  4
   c - Venom Bolt                     Conjuration/Poison           5
   d - Bolt of Magma                  Conjuration/Fire/Earth       5
   e - Iron Shot                      Conjuration/Earth            6
   f - Orb of Destruction             Conjuration                  7
   g - Spellforged Servitor           Conjuration/Summoning        7
Comestibles
 d - 5 bread rations
 z - 26 fruits


   Skills:
 - Level 3.0(2.0) Fighting
 - Level 4.2(3.1) Short Blades
 - Level 8.7(7.4) Dodging
 - Level 6.4(5.2) Stealth
 + Level 10.3(9.0) Spellcasting
 + Level 4.2(3.1) Conjurations
 - Level 4.0(2.9) Hexes
   Level 0.7(0.0) Summonings
 - Level 5.5(4.3) Translocations
 - Level 3.1(2.0) Fire Magic
 - Level 3.5(2.4) Air Magic
 - Level 3.3(2.2) Poison Magic
 - Level 4.4(3.3) Evocations


You had 11 spell levels left.
You knew the following spells:

 Your Spells              Type           Power        Failure   Level  Hunger
a - Magic Dart            Conj           ###.         1%          1    None
b - Blink                 Tloc           N/A          1%          2    None
c - Repel Missiles        Chrm/Air       ###...       10%         2    None
d - Mephitic Cloud        Conj/Pois/Air  ###.....     10%         3    None
e - Conjure Flame         Conj/Fire      ###.....     10%         3    None
f - Dazzling Spray        Conj/Hex       ###...       8%          3    None
g - Iskenderun's Mystic   Conj           ###.....     21%         4    ##.....


Dungeon Overview and Level Annotations

Branches:
Dungeon (10/15)            Temple (1/1) D:4            Lair (0/6) D:10
    Orc: D:9-12

Altars:
Ashenzari
Cheibriados
Dithmenos
Elyvilon
Fedhas
Gozag
Hepliaklqana
Kikubaaqudgha
Makhleb
Nemelex Xobeh
Okawaru
Qazlal
Ru
Sif Muna
Trog
Uskayaw
Vehumet
Xom
Yredelemnul
Zin
The Shining One

Annotations:
D:10 Harold, Joseph, Nergalle


Innate Abilities, Weirdness & Mutations

You are very small and have problems with some larger weapons.
You are too small for most types of armour.
You have supernaturally acute eyesight. (SInv)
You are a herbivore.
You cover ground extremely quickly.
You need consume almost no food.
You are missing a hand.
You are hated by all.


Message History

Aiming: Mephitic Cloud
Press: ? - help, Shift-Dir - straight line, f - orc warrior
Aim: an orc warrior, wielding a long sword and wearing a chain mail (lightly wounded)
The ball explodes into a vile cloud!
The stinking cloud engulfs the orc warrior.
The orc warrior is lightly wounded.
The stinking cloud engulfs the orc.
The orc is almost dead.
You hear a shout! x4
The orc warrior is engulfed in noxious fumes.
You closely miss the orc warrior.
The orc warrior is lightly wounded.
The orc warrior is engulfed in roaring flames.
The orc warrior hits you with a long sword!!
You hit the orc warrior but do no damage.
The orc warrior is poisoned.
The orc warrior is moderately wounded.
The orc warrior is engulfed in roaring flames.
The orc warrior hits you with a long sword!!
You die...

####.##........####.....##....
#...y..[.......# #.....##.###
##.##.##........# #.#.###.....
#...#)##........####.#.# ##..ZZ
#.#...#<####...........#.#######.
#.......# ....###o######.....>.ZZ
.....÷.<#.##.###§§# #########Z
#.......# #. #o## #Z #.#...### #
#@# #o # #... #.# #### #. ....#
#.# ##... #. ####. .## #)#
##..#.##. #.
....###)#######....#....
........#......###.###..
..........###..#.#......
############..#.♣.#..##Z
########...#.#...##.


You could see an orc warrior and an orc.

Vanquished Creatures
  A centaur warrior (D:9)
  Pikel (D:4)
  A hill giant (D:9)
  Prince Ribbit (D:6)
  2 hippogriffs (D:9)
  4 yaks (D:9)
  A wyvern (D:8)
  Eustachio (D:4)
  Grum (D:8)
  A hungry ghost (D:7)
  A slave (D:4)
  A black bear (D:9)
  3 ogres
  An orc warrior (D:9)
  3 ice beasts
  2 sky beasts
  A necrophage (D:9)
  A wolf (D:8)
  Blork the orc (D:4)
  3 big kobolds
  4 bullfrogs
  A gnoll sergeant (D:9)
  A wyvern zombie (D:10)
  A scorpion (D:6)
  6 killer bees (D:10)
  2 wights (D:5)
  7 howler monkeys
  2 quasits
  2 crimson imps (D:10)
  A centaur zombie (D:10)
  4 jellies
  2 orc priests
  A bullfrog skeleton (D:10)
  5 hounds
  3 iguanas
  3 worker ants
  A hound zombie (D:7)
  2 hound skeletons
  8 gnolls
  11 adders
  2 shadow imps (D:9)
  3 oozes
  2 adder zombies
  4 adder skeletons
  2 worms (D:2)
  2 dart slugs
  6 leopard geckos
  10 orcs
  A ball python (D:2)
  8 bats
  2 bat zombies (D:2)
  7 giant cockroaches
  3 goblins
  8 hobgoblins
  14 jackals
  11 kobolds
  7 quokkas
  A ball python skeleton (D:2)
  3 frilled lizards
  A giant cockroach zombie (D:5)
  2 leopard gecko skeletons
  A leopard gecko zombie (D:6)
  A quokka skeleton (D:6)
  3 rats
202 creatures vanquished.

Vanquished Creatures (others)
  A wolf (D:8)
  An orc (D:4)
2 creatures vanquished.

Grand Total: 204 creatures vanquished

Notes
Turn   | Place    | Note
-------+----------+-------------------------------------------
     0 | D:1      | Ijustatesigmund the Spriggan Wizard began the quest for the Orb.
     0 | D:1      | Reached XP level 1. HP: 9/9 MP: 6/6
   391 | D:1      | Reached XP level 2. HP: 13/13 MP: 6/8
   395 | D:1      | Learned a level 2 spell: Blink
   398 | D:1      | Learned a level 2 spell: Repel Missiles
   732 | D:2      | Reached skill level 5 in Spellcasting
   907 | D:2      | Reached XP level 3. HP: 15/16 MP: 4/10
   998 | D:2      | Learned a level 3 spell: Mephitic Cloud
  1002 | D:2      | Learned a level 3 spell: Conjure Flame
  1474 | D:2      | Reached skill level 6 in Spellcasting
  1634 | D:2      | Reached XP level 4. HP: 21/21 MP: 10/13
  2838 | D:3      | Found a bloodstained altar of Trog.
  3086 | D:3      | Reached skill level 7 in Spellcasting
  3219 | D:3      | Found a burning altar of Makhleb.
  3298 | D:3      | Reached XP level 5. HP: 22/24 MP: 9/15
  3466 | D:4      | Noticed Eustachio
  3468 | D:4      | Noticed Blork the orc
  3495 | D:4      | Killed Eustachio
  3495 | D:4      | Reached skill level 8 in Spellcasting
  3495 | D:4      | Reached XP level 6. HP: 25/28 MP: 3/18
  3500 | D:4      | Killed Blork the orc
  3704 | D:4      | Noticed a slave
  3708 | D:4      | Noticed a slave
  3709 | D:4      | Noticed a slave
  3767 | D:4      | Killed a slave
  3853 | D:4      | Noticed Pikel
  3858 | D:4      | Noticed a slave
  3889 | D:4      | Killed Pikel
  3889 | D:4      | Reached skill level 5 in Dodging
  3889 | D:4      | Reached skill level 5 in Stealth
  3889 | D:4      | Reached XP level 7. HP: 8/32 MP: 1/20
  4366 | D:4      | Found a staircase to the Ecumenical Temple.
  4375 | Temple   | Entered the Ecumenical Temple
  4499 | Temple   | Became a worshipper of Ru the Awakened
  4519 | D:4      | Found a hide-covered altar of Uskayaw.
  4521 | D:4      | Found a shattered altar of Ashenzari.
  4673 | D:4      | Found a hazy altar of Hepliaklqana.
  4673 | D:4      | Found a shadowy altar of Dithmenos.
  4682 | D:5      | Entered Level 5 of the Dungeon
  4877 | D:5      | Identified a +0 rod of inaccuracy (14/14) (You found it on level 5 of the Dungeon)
  5473 | D:5      | Reached skill level 1 in Short Blades
  5473 | D:5      | Reached XP level 8. HP: 37/37 MP: 13/21
  5502 | D:5      | Reached skill level 1 in Fighting
  5829 | D:5      | Gained mutation: You are missing a hand. [Ru sacrifice]
  5829 | D:5      | Reached * piety under Ru
  5829 | D:5      | Reached ** piety under Ru
  5829 | D:5      | Reached *** piety under Ru
  6405 | D:6      | Noticed Prince Ribbit
  6421 | D:6      | Killed Prince Ribbit
  8213 | D:7      | Reached skill level 1 in Conjurations
  8213 | D:7      | Reached XP level 9. HP: 44/44 MP: 1/22
  8216 | D:7      | Reached skill level 1 in Air Magic
  8221 | D:7      | Reached skill level 1 in Poison Magic
  8285 | D:7      | Reached skill level 1 in Fire Magic
  8887 | D:8      | Learned a level 3 spell: Dazzling Spray
  8915 | D:8      | Reached skill level 1 in Hexes
  8988 | D:8      | Noticed Grum
  9147 | D:10     | Entered Level 10 of the Dungeon
  9586 | D:9      | Reached skill level 5 in Translocations
  9688 | D:9      | Found a blossoming altar of Fedhas.
 10040 | D:9      | Gained mutation: You are hated by all. [Ru sacrifice]
 10040 | D:9      | Reached **** piety under Ru
 10063 | D:9      | Reached XP level 10. HP: 49/49 MP: 14/23
 10340 | D:9      | Found a radiant altar of Vehumet.
 10860 | D:9      | Noticed a centaur warrior
 10876 | D:9      | Killed a centaur warrior
 10876 | D:9      | Reached skill level 9 in Spellcasting
 10987 | D:9      | Learned a level 4 spell: Iskenderun's Mystic Blast
 11049 | D:9      | Noticed a hill giant
 11081 | D:9      | Killed a hill giant
 11502 | D:8      | Killed Grum
 11839 | D:8      | Got a crystal long sword
 11840 | D:8      | Identified the cursed +1 long sword of Dissolution {freeze, rPois rC- Str+7} (You found it on level 8 of the Dungeon)
 12264 | D:10     | Reached skill level 10 in Spellcasting
 12610 | D:10     | Noticed Harold
 12623 | D:10     | Noticed Nergalle
 12866 | D:10     | Noticed Joseph
 12873 | D:10     | Found a staircase to the Lair.
 13040 | D:10     | Slain by an orc warrior

Vault maps used:
D:1:      dpeg_arrival_renting, hangedman_glass_garden
D:2:      serial_undead, serial_undead_a, serial_undead_d, serial_undead_c,
          serial_undead_c, serial_undead_f, serial_undead_c, serial_undead_f
D:3:      lightli_temple_of_fire, bloody_makhleb
D:4:      nicolae_overflow_hidden_temple, gammafunk_temple_overflow_elements,
          first_bread, kennysheep_another_room, minmay_misc_feat_chi,
          uniq_eustachio, uniq_pikel, uniq_blork_the_orc
D:6:      uniq_prince_ribbit1
D:8:      blue_anna_alchemist, uniq_grum
D:9:      lemuel_doored_altar, kennysheep_mini_moat
D:10:     lair_0_dummy, orc_0_dummy, hangedman_decor_growths,
          grunt_decor_one_mirror, uniq_harold, uniq_joseph, uniq_psyche,
          uniq_maurice, uniq_nergalle, uniq_urug
Temple:   dshaligram_water_room_temple

Skill      XL: |  1  2  3  4  5  6  7  8  9 10 |
---------------+-------------------------------+-----
Spellcasting   | 5 6 7 8 10 | 10.3
Dodging        | 5 6 8 |  8.7
Stealth        | 5 6 |  6.4
Evocations     | 4 |  4.4
Short Blades   | 1 4 |  4.2
Fighting       | 3 |  3.0
Conjurations   | 1 2 4 |  4.2
Translocations | 5 |  5.5
Air Magic      | 3 |  3.5
Poison Magic   | 2 3 |  3.3
Fire Magic     | 2 3 |  3.1
Hexes          | 3 4 |  4.0
Summonings     | |  0.7

Action                   |  1- 3 |  4- 6 |  7- 9 | 10-12 || total
-------------------------+-------+-------+-------+-------++-------
Melee: Dagger            |    19 |    39 |    93 |     5 ||   156
       Short sword       |       |       |   109 |    53 ||   162
Throw: Tomahawk          |       |       |     4 |       ||     4
 Cast: Magic Dart        |    95 |   124 |   365 |   206 ||   790
       Repel Missiles    |     1 |       |       |       ||     1
       Mephitic Cloud    |       |     4 |    19 |    12 ||    35
       Conjure Flame     |       |     2 |    10 |    10 ||    22
       Blink             |       |       |     3 |     8 ||    11
       Dazzling Spray    |       |       |       |     3 ||     3
Invok: Sacrifice a Hand  |       |       |     1 |       ||     1
       Sacrifice Love    |       |       |     1 |       ||     1
       Draw Out Power    |       |       |       |     2 ||     2
Evoke: Wand              |       |     3 |    16 |     7 ||    26
       Rod               |       |       |     3 |       ||     3
  Use: Scroll            |       |     9 |     9 |     5 ||    23
       Potion            |       |       |     1 |     2 ||     3
 Stab: Confused          |       |     1 |     5 |     1 ||     7
       Sleeping          |       |       |     4 |     1 ||     5
       Invisible         |       |       |     2 |       ||     2
       Paralysed         |       |       |       |     3 ||     3
  Eat: Bread ration      |       |       |     1 |       ||     1
       Royal jelly       |       |       |     1 |       ||     1
       Fruit             |       |       |       |     1 ||     1
Armor: Robe              |     7 |     5 |    24 |     4 ||    40
Dodge: Dodged            |    39 |    56 |   276 |   155 ||   526
       Deflected         |       |       |       |     4 ||     4
